 Dungeon Crawl Stone Soup version 0.29.1-12-g30fa7ad0bf (webtiles) character file.

Game seed: 7463871024484596007

20874 mandoloar the Nimble (level 13, -5/97 HPs)
             Began as a Djinni Summoner on Jan 4, 2023.
             Was a Believer of Makhleb.
             Slain by a seven-headed hydra (11 damage)
             ... on level 2 of the Lair of Beasts.
             The game lasted 01:17:02 (20176 turns).

mandoloar the Nimble (Djinni Summoner)             Turns: 20176, Time: 01:17:02

Health: -5/97      AC: 10    Str:  5    XL:     13   Next: 15%
Gold:   899        EV: 20    Int: 31    God:    Makhleb [**....] SH:  5 Dex: 19

rFire   + . .      SeeInvis +   b - +8 morningstar "Lifebane" {freeze, rF- Int+2 SInv}
rCold   . . .      Faith    .   (no shield)
rNeg    . . .      Spirit   .   A - +2 robe {rC+}
rPois   ∞          Reflect  +   h - +1 helmet
rElec   .          Harm     .   (no cloak)
rCorr   .          Rampage  .   a - +2 pair of gloves
Will    +....                   (boots unavailable)
Stlth   ++++......              J - amulet of reflection
HPRegen 0.26/turn               k - +6 ring of intelligence
MPRegen 0.00/turn               o - +6 ring of dexterity

@: flying
A: sickness immunity, fire resistance 2, cold vulnerability 1, float, innate
caster, HP casting, extra vitality 1, weak 1
a: Renounce Religion, Minor Destruction


You were on level 2 of the Lair of Beasts.
You worshipped Makhleb.
Makhleb was pleased with you.
You visited 3 branches of the dungeon, and saw 14 of its levels.

You collected 899 gold pieces.

Inventory:

Hand Weapons
 b - the +8 morningstar "Lifebane" (weapon) {freeze, rF- Int+2 SInv}
   (You acquired it on level 5 of the Dungeon)

   It freezes those it strikes, dealing additional cold damage.
   It can also slow down cold-blooded creatures.
   Int:       It affects your intelligence (+2).
   rF:        It makes you vulnerable to fire.
   SInv:      It lets you see invisible.
 m - a +0 short sword of venom
 x - the +7 Throatcutter {drain, coup de grace}
   (You found it on level 5 of the Dungeon)

   A truly terrible weapon, it drains the life of any living foe it strikes.
   It may instantly kill foes which have little health.
Armour
 a - a +2 pair of gloves (worn)
 g - a +0 kite shield
 h - a +1 helmet (worn)
 t - a +1 leather armour of poison resistance
 A - a +2 robe of cold resistance (worn)
Jewellery
 k - a +6 ring of intelligence (left hand)
 o - a +6 ring of dexterity (right hand)
 s - a +6 ring of dexterity
 J - an amulet of reflection (around neck)
 K - a +4 ring of protection
Wands
 c - a wand of flame (24)
 p - a wand of iceblast (16)
 y - a wand of light (7)
 z - a wand of digging (3)
 C - a wand of paralysis (9)
 M - a wand of polymorph (5)
Scrolls
 v - 2 scrolls of immolation
 B - 2 scrolls of blinking
 D - a scroll of fear
 E - 2 scrolls of teleportation
 F - a scroll of enchant weapon
 G - 5 scrolls of identify
 L - a scroll of magic mapping
 N - a scroll of summoning
 O - a scroll of noise {unknown}
 P - a scroll of poison {unknown}
Potions
 d - a potion of berserk rage
 e - 2 potions of heal wounds
 f - 3 potions of haste
 i - 7 potions of curing
 j - 3 potions of lignification
 l - 2 potions of might
 n - 3 potions of degeneration
 q - 4 potions of attraction
 r - a potion of invisibility
 u - a potion of ambrosia
 w - a potion of magic {unknown}
 H - a potion of cancellation {unknown}
 I - a potion of resistance {unknown}


   Skills:
 + Level 10.6 Fighting
 + Level 7.8 Armour
 + Level 11.8 Dodging
 - Level 6.6 Stealth
 + Level 8.9 Spellcasting


You couldn't memorise any spells.
You knew the following spells:

 Your Spells              Type           Power      Damage    Failure   Level
a - Summon Small Mammal   Summ           100%       N/A       1%          1
b - Call Imp              Summ           62%        N/A       1%          2
c - Call Canine Familiar  Summ           62%        N/A       1%          3
d - Summon Guardian Gole  Hex/Summ       62%        N/A       1%          3
e - Summon Lightning Spi  Summ/Air       62%        N/A       1%          4
f - Foxfire               Conj/Fire      100%       2x1d9     1%          1
g - Blink                 Tloc           100%       N/A       1%          2
h - Inner Flame           Hex/Fire       62%        N/A       1%          3
i - Spider Form           Tmut/Pois      62%        N/A       1%          3
j - Lee's Rapid Deconstr  Erth           31%        3d17*     2%          5
k - Lightning Bolt        Conj/Air       31%        1d48      2%          5
Your spell library was empty.

Dungeon Overview and Level Annotations

Branches:
Dungeon (11/15)            Temple (1/1) D:5            Lair (2/5) D:11
    Orc (0/2) D:9
  Swamp: Lair:2-3    Shoals: Lair:2-3     Snake: Lair:2-3    Spider: Lair:2-3

Altars:
Ashenzari
Cheibriados
Dithmenos
Elyvilon
Fedhas
Gozag
Hepliaklqana
Makhleb
Nemelex Xobeh
Okawaru
Qazlal
Ru
Trog
Uskayaw
Wu Jian
Xom
Yredelemnul
Zin
The Shining One

Shops:
D:10 ?=

Annotations:
D:4 Eustachio
D:10 1 runed translucent door, hawla's ghost, novice MeAE


Innate Abilities, Weirdness & Mutations

You are immune to sickness and miasma.
You are immune to poison.
Your flesh is very heat resistant. (rF++)
You are vulnerable to cold. (rC-)
You float through the air rather than walking.
You learn spells naturally, not from books.
Your magical power is your life essence.
You have superior vitality. (+4 MHP)
You are weak. (Str -2)


Message History

The seven-headed hydra attacks as you move away!
The seven-headed hydra misses you.
You block the seven-headed hydra's attack.
The seven-headed hydra barely misses you.
The seven-headed hydra closely misses you.
You block the seven-headed hydra's attack.
The seven-headed hydra misses you.
The seven-headed hydra bites you but does no damage.
The seven-headed hydra attacks as you move away!
The seven-headed hydra misses you.
You block the seven-headed hydra's attack.
The seven-headed hydra misses you. The seven-headed hydra bites you! x2
The seven-headed hydra bites you but does no damage.
The seven-headed hydra closely misses you.
The seven-headed hydra attacks as you move away!
The seven-headed hydra bites you!
The seven-headed hydra bites you but does no damage.
The seven-headed hydra bites you.
The seven-headed hydra barely misses you.
The seven-headed hydra closely misses you.
The seven-headed hydra completely misses you.
You block the seven-headed hydra's attack.
Casting: Foxfire (safe; 1% risk of failure)
Confirm with . or Enter, or press ? or * to list all spells.
You blink.
Casting: Blink (safe; 1% risk of failure)
Confirm with . or Enter, or press ? or * to list all spells.
An electric hum fills the air.
Casting: Summon Lightning Spire (mildly dangerous; 1% risk of failure)
Confirm with . or Enter, or press ? or * to list all spells.
The seven-headed hydra bites you! x2
* * * LOW HITPOINT WARNING * * *
The seven-headed hydra bites you!
* * * LOW HITPOINT WARNING * * *
The seven-headed hydra bites you but does no damage.
The seven-headed hydra bites you!
* * * LOW HITPOINT WARNING * * *
The seven-headed hydra barely misses you.
The seven-headed hydra bites you!
You die...

..........................####
...........................#.#
......#......................###
.......#.......................##
..##.............................
..#.............................#
.................................
................8................
................@D...............
.........##......................
........#.###...h................
......P.#.####...................
.......####............##........
...........#.....................
..........###....................
...........##..............#.....
.........####.............#......


You could see a seven-headed hydra (ally target), a friendly warg (summoned) and
a friendly lightning spire (summoned).

Vanquished Creatures
  2 elephants (Lair:1)
  Maggie (D:8)
  4 yaks
  A wyvern (D:11)
  A water moccasin (D:11)
  An ogre (D:6)
  A wolf (D:11)
  A necrophage (D:6)
  2 kobold brigands
  2 killer bees (D:9)
  An orc priest (D:9)
  Ijyb (D:4)
  An orc wizard (D:9)
  An iguana (D:5)
  A gnoll (D:8)
  An adder (D:2)
  11 orcs
  2 endoplasms (D:1)
  5 goblins (D:4)
  2 hobgoblins (D:4)
  3 jackals
  A bat (D:2)
  9 kobolds
55 creatures vanquished.

Vanquished Creatures (collateral kills)
  Erica (D:8)
  4 oklob plants (Lair:1)
  2 black mambas
  An elephant (Lair:1)
  A torpor snail (Lair:1)
  A gargoyle (D:11)
  A cane toad (Lair:1)
  2 rime drakes (Lair:1)
  5 komodo dragons
  An unseen horror (D:11)
  2 shadows (D:11)
  2 wyverns
  6 yaks
  A basilisk (Lair:1)
  Menkaure (D:7)
  6 water moccasins
  A sky beast (D:7)
  A black bear (D:11)
  An orc warrior (D:8)
  3 wolves
  An ogre (D:5)
  The ghost of nshep25 the Twirler, an amateur DsGl (D:3)
  A centaur (D:7)
  A kobold brigand (D:9)
  6 bullfrogs
  A wyvern zombie (D:3)
  A gnoll sergeant (D:7)
  3 scorpions
  A wyvern skeleton (D:3)
  5 wights
  6 killer bees
  3 howler monkeys
  A centaur zombie (D:3)
  3 hounds
  A jelly (D:6)
  3 orc priests
  2 orc wizards
  3 iguanas
  A howler monkey skeleton (D:3)
  7 gnolls
  4 adders
  A white imp (D:6)
  2 worms (D:3)
  3 dart slugs
  25 orcs
  2 bats
  6 endoplasms
  3 giant cockroaches
  9 goblins
  4 hobgoblins
  7 jackals
  2 quokkas
  6 ball pythons
  4 frilled lizards
  19 kobolds
  2 rats
193 creatures vanquished.

Vanquished Creatures (others)
  An angel (D:7)
  2 two-headed ogres (D:10)
  An ugly thing (D:11)
  2 elephants (Lair:1)
  A cane toad (Lair:1)
  A gargoyle (D:11)
  A kobold demonologist (D:5)
  Psyche (D:8)
  A hornet (D:9)
  A wraith (D:10)
  2 wyverns
  6 yaks
  2 steam dragons
  An acid dragon (D:11)
  4 water moccasins
  2 orc warriors
  2 black bears
  3 wolves
  2 centaurs
  4 kobold brigands (D:5)
  3 wights (D:7)
  3 killer bees (D:10)
  2 howler monkeys
  A gnoll bouda (D:5)
  2 orc priests
  2 orc wizards
  A gnoll (D:5)
  5 orcs
  A kobold (D:11)
  85 foxfires
  9 fungi
  31 plants
185 creatures vanquished.

Grand Total: 433 creatures vanquished

Notes
Turn   | Place    | Note
-------+----------+-------------------------------------------
     0 | D:1      | mandoloar the Djinni Summoner began the quest for the Orb.
     0 | D:1      | mandoloar set off with the following spells memorised:
                  | Summon Small Mammal, Call Imp, Call Canine Familiar, Summon
                  | Guardian Golem, Summon Lightning Spire.
     0 | D:1      | Reached XP level 1. HP: 15/15 MP: 0/0
   291 | D:1      | Reached XP level 2. HP: 20/22 MP: 0/0
   697 | D:1      | Reached skill level 1 in Fighting
   761 | D:1      | Reached XP level 3. HP: 23/27 MP: 0/0
   761 | D:1      | Learned a level 1 spell: Foxfire
   990 | D:1      | Found a faded altar of an unknown god.
  1633 | D:2      | Reached XP level 4. HP: 32/32 MP: 0/0
  2267 | D:3      | Reached skill level 3 in Dodging
  2697 | D:3      | Found a runed translucent gate.
  2697 | D:3      | Found a runed translucent gate.
  2698 | D:3      | Found a runed translucent gate.
  2701 | D:3      | Noticed nshep25's ghost (amateur DsGl)
  3087 | D:3      | Reached XP level 5. HP: 16/38 MP: 0/0
  3087 | D:3      | Learned a level 2 spell: Blink
  4763 | D:5      | Entered Level 5 of the Dungeon
  4908 | D:5      | HP: 1/39 [scorpion (4)]
  4912 | D:5      | Reached XP level 6. HP: 1/45 MP: 0/0
  5003 | D:5      | Noticed Eustachio
  5565 | D:5      | Noticed Ijyb
  5581 | D:4      | Killed Ijyb
  5845 | D:5      | Reached skill level 4 in Dodging
  6258 | D:5      | Noticed a water moccasin
  6268 | D:5      | Noticed a black bear
  6308 | D:5      | Noticed an ogre
  6351 | D:5      | Killed a water moccasin
  6352 | D:5      | Reached XP level 7. HP: 30/50 MP: 0/0
  6352 | D:5      | Learned a level 3 spell: Inner Flame
  7054 | D:5      | Found a staircase to the Ecumenical Temple.
  7186 | D:5      | Reached skill level 5 in Dodging
  7186 | D:5      | Reached XP level 8. HP: 46/58 MP: 0/0
  7362 | D:5      | Found the +7 Throatcutter {drain, coup de grace}
  7362 | D:5      | Noticed a kobold demonologist
  7380 | D:5      | Gained mutation: You are weak. (Str -2) [a neqoxec]
  7381 | D:5      | Killed a kobold demonologist
  7382 | D:5      | Reached skill level 5 in Spellcasting
  7519 | Temple   | Entered the Ecumenical Temple
  7722 | D:6      | Reached skill level 5 in Fighting
  7722 | D:6      | Reached skill level 6 in Dodging
  7775 | D:6      | Reached XP level 9. HP: 59/65 MP: 0/0
  7775 | D:6      | Learned a level 3 spell: Spider Form
  7780 | D:6      | Reached skill level 5 in Stealth
  7834 | D:6      | Found a stormy altar of Qazlal.
  7954 | D:5      | Identified a scroll of acquirement
  7954 | D:5      | Acquired the +8 morningstar "Lifebane" {freeze, rF- Int+2
                  | SInv}
  8318 | D:6      | Found an opulent altar of Gozag.
  8609 | D:6      | Found a blossoming altar of Fedhas.
  8609 | D:6      | Found a broken altar of Ashenzari.
  9031 | D:7      | Found a glowing silver altar of Zin.
  9032 | D:7      | Noticed an angel
  9322 | D:7      | Found a shimmering altar of Xom.
  9423 | D:7      | Killed an angel
  9522 | D:7      | Noticed Menkaure
  9530 | D:7      | Killed Menkaure
  9582 | D:7      | Reached skill level 7 in Dodging
 10786 | D:3      | Reached XP level 10. HP: 65/73 MP: 0/0
 10794 | D:3      | Killed nshep25's ghost
 11271 | D:8      | Noticed Maggie
 11285 | D:8      | Killed Maggie
 11517 | D:8      | Reached skill level 8 in Dodging
 11969 | D:8      | Noticed Erica
 11977 | D:8      | Reached skill level 1 in Armour
 11982 | D:8      | Killed Erica
 12022 | D:8      | Noticed Psyche
 12040 | D:8      | Killed Psyche
 12666 | D:8      | Found an iron altar of Okawaru.
 13104 | D:9      | Reached XP level 11. HP: 61/81 MP: 0/0
 13104 | D:9      | Learned a level 5 spell: Lee's Rapid Deconstruction
 13105 | D:9      | Reached skill level 9 in Dodging
 13376 | D:9      | Identified the +1 chain mail of the Demonic Mantidfly
                  | {Dex+2}
 13552 | D:9      | Found a burning altar of Makhleb.
 13555 | D:9      | Found a hide-covered altar of Uskayaw.
 13559 | D:9      | Became a worshipper of Makhleb the Destroyer
 13897 | D:9      | Found a staircase to the Orcish Mines.
 13986 | D:9      | Found a sparkling altar of Nemelex Xobeh.
 14076 | D:9      | Reached * piety under Makhleb
 14387 | D:10     | Entered Level 10 of the Dungeon
 14405 | D:10     | Noticed a two-headed ogre
 14420 | D:10     | Killed a two-headed ogre
 14576 | D:10     | Found a shadowy altar of Dithmenos.
 15001 | D:10     | Found Epheh's Magic Scroll Emporium.
 15067 | D:10     | Found a runed translucent door.
 15067 | D:10     | Found a shimmering altar of Xom.
 15067 | D:10     | Noticed hawla's ghost (novice MeAE)
 15068 | D:10     | Noticed a +0 quarterstaff of chaos
 15183 | D:10     | Found Berephaw's Jewellery Shop.
 15187 | D:10     | Noticed a two-headed ogre
 15198 | D:10     | Killed a two-headed ogre
 15199 | D:10     | Reached skill level 5 in Armour
 15445 | D:11     | Reached skill level 10 in Dodging
 15896 | D:11     | Found a staircase to the Lair.
 15921 | D:11     | Noticed a cyan ugly thing
 15957 | D:11     | Killed a cyan ugly thing
 15958 | D:11     | Reached XP level 12. HP: 78/89 MP: 0/0
 16686 | D:11     | Found a shadowy altar of Dithmenos.
 16777 | Lair:1   | Entered Level 1 of the Lair of Beasts
 16789 | Lair:1   | Reached ** piety under Makhleb
 16930 | Lair:1   | Reached skill level 11 in Dodging
 17097 | Lair:1   | Reached skill level 10 in Fighting
 18567 | Lair:1   | Reached XP level 13. HP: 67/97 MP: 0/0
 18567 | Lair:1   | Learned a level 5 spell: Lightning Bolt
 19791 | Lair:2   | Noticed a seven-headed hydra
 20176 | Lair:2   | Slain by a seven-headed hydra

Illustrated notes

Levels and vault maps discovered:
D:1:      elethiomel_arrival_shortcut, layout_loops_ring,
          dreamdust_ecumenical_altar_angels_and_demons
D:2:      layout_rooms, minmay_misc_feat_encased
D:3:      layout_basic, portal_sewer_entry_e, gammafunk_ghost_necromancy,
          chequers_serial_rivers_micro_d, kennysheep_path_1
D:4:      kennysheep_goblin_castle, layout_basic, chequers_decorated_corner
D:5:      layout_loops_ring, minmay_temple_entry_drinking_statues,
          dilly_guarded_unrand_throatcut, uniq_eustachio, uniq_ijyb
D:6:      layout_loops_corners, lemuel_tele_altar,
          gammafunk_temple_overflow_pools, mainiacjoe_overflow_alcove_4,
          chequers_ossuary_entry_cave
D:7:      layout_basic, grunt_temple_overflow_order_and_chaos_1, uniq_menkaure
D:8:      layout_loops_ring, okawaru_altar_gauntlet_db, uniq_maggie,
          uniq_psyche, uniq_erica
D:9:      layout_basic, nicolae_overflow_squiral, mainiacjoe_overflow_24_doors,
          hiddenorc1_lemuel, chequers_jeans
D:10:     layout_roguey, kennysheep_mini_moat, ebering_ghost_xom, serial_shops,
          shop, shop
D:11:     layout_basic, minmay_lair_entry_grove,
          hangedman_abyss_or_decor_stagger, grunt_dithmenos_shadows
Temple:   nicolae_temple_ecumenical_triangle
Lair:1:   minmay_lair_oklob_chamber, layout_regular_city, serial_bayou_pond_e
Lair:2:   layout_hall_layers

Skill      XL: |  1  2  3  4  5  6  7  8  9 10 11 12 |
---------------+-------------------------------------+-----
Fighting       | 1 2 3 4 5 6 7 9 10 | 10.6
Stealth        | 2 3 4 6 |  6.6
Dodging        | 3 4 5 6 7 8 10 11 | 11.8
Spellcasting   | 4 5 6 7 8 |  8.9
Armour         | 3 5 7 |  7.8

Action                   |  1- 3 |  4- 6 |  7- 9 | 10-12 | 13-15 || total
-------------------------+-------+-------+-------+-------+-------++-------
Melee: Club              |     1 |       |       |       |       ||     1
       Dagger            |     5 |       |       |       |       ||     5
       Short sword       |       |     1 |       |       |       ||     1
       Morningstar       |       |       |       |     1 |       ||     1
 Cast: Summon Small Mamm |    11 |       |       |       |       ||    11
       Call Imp          |    11 |     2 |       |       |       ||    13
       Foxfire           |     7 |    29 |    15 |    17 |     1 ||    69
       Call Canine Famil |     4 |    36 |    39 |    75 |    11 ||   165
       Summon Guardian G |       |    10 |    26 |    65 |     9 ||   110
       Blink             |       |     1 |     1 |       |     1 ||     3
       Summon Lightning  |       |       |     1 |    48 |     8 ||    57
       Inner Flame       |       |       |       |    17 |       ||    17
       Lightning Bolt    |       |       |       |       |     1 ||     1
  Use: Scroll            |     4 |     7 |    10 |     3 |       ||    24
       Potion            |       |     2 |       |       |       ||     2
 Stab: Betrayed ally     |       |       |       |     1 |       ||     1
Armor: Robe              |     7 |     3 |       |     5 |     6 ||    21
       Skin              |       |    19 |       |       |       ||    19
       Leather armour    |       |     1 |     9 |       |       ||    10
Dodge: Dodged            |    19 |    52 |    29 |    46 |    35 ||   181
Block: Other             |       |       |       |     1 |     9 ||    10
